Tomo Gozen, lawful female human Samurai --------- -------- |........## |....... |.......| # |...%..| ------------- |...)...|######|..(...| |`.........`| |.....<.| # # ......+ |.....[...... |.......| ## ... |...---[-...| |........ ## . |...|.{.|.r.| --------- ###############-..`|{.{|`@.| # # #|...|.{.|...| |...-----...| |.....`.....| .`.........`| ------------- Tomo Gozen the Kunoichi Experience level: 7 Strength: 18/01 Dexterity: 18 Constitution: 18 Intelligence: 11 Wisdom: 7 Charisma: 6 Health: 0(72) Energy: 24(24) AC: 4 Gold: 751 Moves: 1152 Your Inventory: Coins $ - 751 gold pieces Weapons a - an uncursed +0 katana (weapon in hand) b - an uncursed +3 wakizashi (alternate weapon; not wielded) c - an uncursed +0 yumi d - 32 uncursed +0 ya (in quiver) v - 8 [blessed +2] darts [of stealth] Armor r - a blessed rustproof +0 splint mail (being worn) Comestibles f - 3 [uncursed] gunyoki n - an [uncursed] orange q - 3 [uncursed] fortune cookies Scrolls j - an [uncursed] scroll labeled VELOX NEB [of scare monster] k - an [uncursed] unlabeled scroll [of blank paper] l - a [cursed] unlabeled scroll [of blank paper] m - an [uncursed] scroll labeled PRIRUTSENIE [of food detection] p - an [uncursed] scroll labeled LOREN IPSUM [of punishment] Potions g - an [uncursed] indigo potion [of object detection] o - an [uncursed] potion of oil w - an [uncursed] black potion [of healing] y - a [blessed] milky potion [of acid] Tools e - an [uncursed] key [skeleton key] s - an [uncursed] key [skeleton key] t - an [uncursed tin] whistle u - 20 [uncursed wax] candles x - an [uncursed] towel Spells known in the end: Name Level Category Fail Memory Your skills at the end: Fighting Skills martial arts [Basic / Master] Weapon Skills short sword [Basic / Expert] long sword [Basic / Expert] bow [Basic / Expert] Spellcasting Skills Final Attributes: You were devoutly aligned. Hunger level was 212. Your alignment was 15 / 15. Monster difficulty range was 1 - 8. Level difficulty was 9. You resisted fire. You resisted cold. You resisted poison. You were fast. Your luck was zero. You are dead. Vanquished creatures: a human mummy 6 winter wolf cubs a spotted jelly an orc mummy a snake an ape a bugbear a gray ooze 2 elf zombies a paper golem a wax golem 3 giant ants 2 iguanas an acid blob a cave spider a red mold a fox 4 grid bugs a newt 31 creatures vanquished. Voluntary challenges: You were an atheist. You were illiterate. You used a wielded weapon 59 times. You put on armor 1 time. You never genocided any monsters. You never polymorphed an object. You never changed form. You used no wishes. You never wrote Elbereth's name. You never encountered a bones level. You never used any Sokoban shortcuts. Dungeon overview: The Dungeons of Doom: levels 1 to 9 Level 1 an altar to Amaterasu Omikami a long staircase Level 3 an armor shop, a fountain Level 4 stairs to The Gnomish Mines Level 5 a fountain Level 7 a fountain Level 8 some fountains Level 9 <- You were here many fountains The Gnomish Mines: Level 5 stairs to The Dungeons of Doom History has recorded: On T:1 you entered the Dungeons of Doom to retrieve the Amulet of Yendor! On T:91 you reached level 2 of The Dungeons of Doom. On T:111 you reached level 3 of The Dungeons of Doom. On T:166 you reached level 4 of The Dungeons of Doom. On T:240 you advanced to experience level 2. On T:251 you reached level 1 of The Gnomish Mines. On T:277 you advanced to experience level 3. On T:306 you reached level 5 of The Dungeons of Doom. On T:389 you reached level 6 of The Dungeons of Doom. On T:407 you advanced to experience level 4. On T:574 you reached level 7 of The Dungeons of Doom. On T:584 you advanced to experience level 5. On T:677 you reached level 8 of The Dungeons of Doom. On T:692 you advanced to experience level 6. On T:799 you advanced to experience level 7. On T:1093 you reached level 9 of The Dungeons of Doom. Latest messages: The human mummy hits! The human mummy just misses! [HP-4=60] You hit the human mummy! The human mummy hits! (2x) [HP-9=51] You destroy the human mummy! [HP+1=52] You hit the spotted jelly! You are splashed by the spotted jelly's acid! Your splint mail is not affected. [HP-20=32] You kill the spotted jelly! You are splashed by the spotted jelly's acid! [HP-23=9] The rabid rat just misses! [HP+1=10] The rabid rat bites! [HP-2=8] The rabid rat bites! [HP-4=4] The rabid rat bites! You die... Final status: Sayonara Tomo Gozen the Samurai... You died in The Dungeons of Doom on dungeon level 9 with 4069 points, and 751 pieces of gold, after 1152 moves. You were level 7 with a maximum of 72 hit points when you died.